 Dungeon Crawl Stone Soup version 0.29-a0-617-g7a6b98fccd (webtiles) character file.

Game seed: 14238857435887016995

870 IdlyInterested the Chopper (level 7, -4/55 HPs)
             Began as a Demonspawn Fighter on June 17, 2022.
             Killed from afar by a deep elf pyromancer (21 damage)
             ... with a bolt of fire
             ... on level 8 of the Dungeon.
             The game lasted 00:11:42 (4412 turns).

IdlyInterested the Chopper (Demonspawn Fighter)     Turns: 4412, Time: 00:11:43

Health: -4/55      AC: 11    Str: 18    XL:     7   Next: 73%
Magic:  7/7        EV:  7    Int: 10    God:
Gold:   193        SH:  4    Dex: 12    Spells: 6/6 levels left

rFire   . . .      SeeInvis .   s - +2 war axe (vorpal)
rCold   . . .      Faith    .   c - +0 buckler
rNeg    . . .      Spirit   .   f - +0 chain mail
rPois   .          Reflect  .   (no helmet)
rElec   .          Harm     .   m - +1 cloak
rCorr   +          Rampage  .   (no gloves)
Will    .....                   (no boots)
Stlth   ..........              (no amulet)
HPRegen 0.18/turn               g - ring of resist corrosion
MPRegen 0.10/turn               (no ring)

@: mighty, studying Axes
A: hooves 2, ignite blood 1, powered by pain 1
a: no special abilities


You were on level 8 of the Dungeon.
You visited 1 branch of the dungeon, and saw 6 of its levels.

You collected 193 gold pieces.

Inventory:

Hand Weapons
 a - a +1 war axe of protection
 o - a +0 war axe
 s - a +2 vorpal war axe (weapon)
Missiles
 e - 98 stones (quivered)
 h - 3 boomerangs
 k - a poisoned dart
Armour
 c - a +0 buckler (worn)
 f - a +0 chain mail (worn)
 m - a +1 cloak (worn)
Jewellery
 g - a ring of resist corrosion (left hand)
Wands
 d - a wand of iceblast (16)
 q - a wand of flame (21)
 t - a wand of paralysis (7)
Scrolls
 b - a scroll of identify
 n - a scroll of enchant weapon
 p - 3 scrolls of teleportation
 u - a scroll of torment {unknown}
 v - a scroll of enchant armour
Potions
 i - a potion of brilliance
 j - a potion of flight
 r - 2 potions of curing


   Skills:
 * Level 4.6 Fighting
 * Level 6.7 Axes
 - Level 1.0 Throwing
 + Level 3.8 Armour
 - Level 3.0 Dodging
 - Level 1.0 Stealth
 - Level 2.6 Shields
 + Level 3.0 Evocations


You had 6 spell levels left.
You didn't know any spells.
Your spell library contained the following spells:

 Spells                   Type           Power      Damage    Failure   Level
 Poisonous Vapours        Pois/Air       0%         N/A       100%        2
 Sublimation of Blood     Necr           0%         N/A       100%        2
 Wereblood                Tmut           0%         N/A       100%        2
 Summon Guardian Golem    Hex/Summ       0%         N/A       100%        3
 Corpse Rot               Necr/Pois/Air  0%         N/A       100%        4
 Orb of Destruction       Conj           0%         9d5       100%        7
 Spellforged Servitor     Conj/Summ      0%         N/A       100%        7
 Summon Hydra             Summ           0%         N/A       100%        7


Dungeon Overview and Level Annotations

Branches:
Dungeon (5/15)
 Temple: D:4-7

Altars:
Elyvilon
Fedhas
Hepliaklqana
Okawaru
Qazlal
Trog
Uskayaw
Xom
Zin

Shops:
D:2 :

Annotations:
D:5 Sigmund


Innate Abilities, Weirdness & Mutations

You have hoof-like feet.
Your demonic aura sometimes causes spilled blood to erupt in flames.
You sometimes gain a little power by taking damage.


Message History

The orc priest shouts!
An orc comes into view. It is wielding a +0 mace.
An orc comes into view. It is wielding a +0 whip.
A sourceless malevolence fills the Dungeon...
You fall into a shaft and drop 3 floors!
The shaft crumbles and collapses.
HP restored.
A wyvern, a deep elf pyromancer and an orc priest come into view.
The orc priest is wielding a +2 whip of freezing.
The wyvern hisses angrily.
The deep elf pyromancer shouts!
The orc priest shouts!
You feel very mighty all of a sudden.
The deep elf pyromancer mumbles some strange words.
An orc and an orc wizard come into view.
The orc shouts!
The deep elf pyromancer hits you with a +0 rapier.
You hit the deep elf pyromancer.
Your kick misses the deep elf pyromancer.
The deep elf pyromancer is lightly wounded.
You closely miss the fire elemental.
A six-headed hydra comes into view.
You block the fire elemental's attack.
The deep elf pyromancer closely misses you.
The fire elemental hits you. The fire elemental burns you!
The six-headed hydra roars!
You hit the deep elf pyromancer.
The deep elf pyromancer is moderately wounded.
You closely miss the fire elemental.
You hear a howl!
The fire elemental hits you. The fire elemental burns you!
The orc priest calls down the wrath of Beogh upon you.
Beogh smites you!
The deep elf pyromancer hits you with a +0 rapier.
You barely miss the deep elf pyromancer.
The deep elf pyromancer is moderately wounded.
You hit the fire elemental. The fire elemental hits you.
The fire elemental burns you!
The deep elf pyromancer gestures at you while chanting.
The bolt of fire hits you!!
You die...

. #.. .. #... #.
#.... #.D #..... ..
#.....
..###o###......
.....Ee@..#
....o°E#.##
.......#.#
....o..#.###########
......###.##.......#
.....# #..........##
..... ##...........#
...##
#............##
#..............#


You could see a six-headed hydra, a deep elf pyromancer, 2 fire elementals, an
orc priest, an orc wizard and an orc.

Vanquished Creatures
  Grinder (D:3)
  An ogre (D:5)
  A phantom (D:5)
  Blork the orc (D:4)
  A necrophage (D:5)
  An orc priest (D:5)
  3 hounds
  Jessica (D:3)
  7 adders
  7 gnolls
  2 worms
  3 dart slugs (D:1)
  13 orcs
  4 bats
  6 endoplasms
  3 giant cockroaches
  7 goblins
  16 jackals
  2 quokkas (D:2)
  7 ball pythons
  5 frilled lizards (D:2)
  4 kobolds
  4 rats
100 creatures vanquished.

Notes
Turn   | Place    | Note
-------+----------+-------------------------------------------
     0 | D:1      | IdlyInterested the Demonspawn Fighter began the quest for
                  | the Orb.
     0 | D:1      | Reached XP level 1. HP: 18/18 MP: 1/1
   268 | D:1      | Reached skill level 2 in Axes
   283 | D:1      | Gained mutation: You sometimes gain a little power by
                  | taking damage. [demonic ancestry]
   283 | D:1      | Reached XP level 2. HP: 24/24 MP: 2/2
   476 | D:1      | Reached skill level 1 in Throwing
   836 | D:2      | Reached skill level 1 in Dodging
   839 | D:2      | Gained mutation: You have large cloven feet. [demonic
                  | ancestry]
   839 | D:2      | Reached XP level 3. HP: 20/29 MP: 3/3
  1143 | D:2      | Found Tasiav's Book Shop.
  1262 | D:2      | Reached skill level 1 in Stealth
  1272 | D:2      | Reached XP level 4. HP: 32/35 MP: 4/4
  2026 | D:2      | Identified a scroll of acquirement
  2026 | D:2      | Acquired a manual of Axes
  2123 | D:3      | Noticed Grinder
  2143 | D:3      | Killed Grinder
  2144 | D:3      | Reached skill level 4 in Axes
  2144 | D:3      | Gained mutation: Your demonic aura sometimes causes spilled
                  | blood to erupt in flames. [demonic ancestry]
  2144 | D:3      | Reached XP level 5. HP: 16/41 MP: 5/5
  2144 | D:3      | Gained mutation: You have hoof-like feet. [demonic
                  | ancestry]
  2144 | D:3      | Reached XP level 6. HP: 18/47 MP: 6/6
  2355 | D:3      | Found a faded altar of an unknown god.
  2606 | D:3      | Noticed Jessica
  2611 | D:3      | Killed Jessica
  2612 | D:3      | Reached skill level 5 in Axes
  3025 | D:4      | Found a stormy altar of Qazlal.
  3025 | D:4      | Noticed Blork the orc
  3037 | D:4      | Killed Blork the orc
  3337 | D:4      | Reached XP level 7. HP: 28/53 MP: 7/7
  3481 | D:4      | Found a blossoming altar of Fedhas.
  3492 | D:4      | Found a hide-covered altar of Uskayaw.
  3499 | D:4      | Found a bloodstained altar of Trog.
  3507 | D:4      | Found a shimmering altar of Xom.
  3515 | D:4      | Found an iron altar of Okawaru.
  3524 | D:4      | Found a hazy altar of Hepliaklqana.
  3637 | D:5      | Entered Level 5 of the Dungeon
  3786 | D:5      | Reached skill level 6 in Axes
  4358 | D:5      | Noticed Sigmund
  4362 | D:5      | You fall into a shaft and drop 3 floors!
  4407 | D:8      | Noticed a wyvern
  4407 | D:8      | Noticed a deep elf pyromancer
  4409 | D:8      | Noticed a fire elemental
  4409 | D:8      | Noticed a fire elemental
  4410 | D:8      | Noticed a six-headed hydra
  4412 | D:8      | Killed from afar by a deep elf pyromancer

Illustrated notes

Levels and vault maps discovered:
D:1:      ebering_trefoil_3fold, layout_loops_ring
D:2:      layout_basic, serial_shops, shop_fountains,
          chequers_serial_rivers_small_a, minmay_misc_feat_four_crosses
D:3:      layout_rooms, hellmonk_ecumenical_altar_arch_garden, uniq_jessica,
          uniq_grinder
D:4:      layout_basic, mainiacjoe_overflow_cross_hatched,
          grunt_temple_overflow_octagram, uniq_blork_the_orc
D:5:      layout_loops_corners, elyvilon_altar_4, uniq_edmund, uniq_sigmund
D:8:      layout_cave_pods, nicolae_ru_great_annihilating_truth,
          mainiacjoe_overflow_small_starburst, minmay_misc_feat_columns,
          minmay_manual_mail, uniq_psyche, uniq_grum, uniq_maggie, uniq_amaemon

Skill      XL: |  1  2  3  4  5  6  7 |
---------------+----------------------+-----
Axes           | 2 4 5 6 |  6.7
Throwing       | 1 |  1.0
Dodging        | 1 3 |  3.0
Stealth        | 1 |  1.0
Armour         | 3 |  3.8
Evocations     | 2 3 |  3.0
Fighting       | 4 |  4.6
Shields        | |  2.6

Action                   |  1- 3 |  4- 6 |  7- 9 || total
-------------------------+-------+-------+-------++-------
Melee: War axe           |    81 |   100 |    38 ||   219
       Kick              |    11 |    19 |    11 ||    41
Throw: Stone             |     5 |     4 |       ||     9
       Dart              |       |     2 |       ||     2
  Use: Scroll            |     4 |     6 |     1 ||    11
       Potion            |     1 |     4 |     1 ||     6
Armor: Scale mail        |    12 |       |       ||    12
       Chain mail        |    26 |    85 |    22 ||   133
Dodge: Dodged            |    40 |    39 |     9 ||    88
Block: Buckler           |    18 |    28 |     6 ||    52

Table legend: (Time is in decaauts)
 A = Elapsed time spent in this place.
 B = Non-inter-level travel time spent in this place.
 C = Inter-level travel time spent in this place.
 D = Time resting spent in this place.
 E = Time spent auto-exploring this place.
 F = Levels seen in this place.
 G = Mean time per level.
                   A        B        C        D        E       F      G
               +--------+--------+--------+--------+--------+-----+--------+
         Total |   4471 |   4375 |     96 |    617 |   2973 |   6 |  745.2 |
       Dungeon |   4471 |   4375 |     96 |    617 |   2973 |   6 |  745.2 |
               +--------+--------+--------+--------+--------+-----+--------+

Top non-repeatable levels by time:
     D:2: 1322 daAuts
     D:1: 845 daAuts
     D:3: 782 daAuts
     D:4: 736 daAuts
     D:5: 734 daAuts
     D:8: 50 daAuts
